 Dungeon Crawl Stone Soup version 0.24.0-2-g5b39cebb1c (webtiles) character file.

Game seed: 18334190640146098500, levelgen mode: deterministic

231 Acheron the Shield-Bearer (level 6, -1/38 HPs)
             Began as a Gargoyle Fighter on Oct 30, 2019.
             Slain by an orc wizard
             ... wielding a +3 dagger of protection
              (3 damage)
             ... on level 4 of the Dungeon.
             The game lasted 00:12:04 (2098 turns).

Acheron the Shield-Bearer (Gargoyle Fighter)        Turns: 2098, Time: 00:12:04

Health: -1/38      AC: 13    Str: 24    XL:     6   Next: 3%
Magic:  6/6        EV:  8    Int: 10    God:
Gold:   141        SH:  9    Dex: 10    Spells: 5/5 levels left

rFire    . . .     SeeInvis .   a - +0 war axe
rCold    . . .     Gourm    .   c - +0 shield
rNeg     + . .     Faith    .   b - +0 scale mail
rPois    ∞         Spirit   .   (no helmet)
rElec    +         Reflect  .   (no cloak)
rCorr    .         Harm     .   (no gloves)
MR       .....                  u - +1 pair of boots
Stlth    ..........             (no amulet)
HPRegen  0.12/turn              (no ring)
MPRegen  0.10/turn              (no ring)

@: mighty
A: negative energy resistance 1, electricity resistance, unbreathing,
petrification resistance, rot immunity, AC +4
a: no special abilities


You were on level 4 of the Dungeon.
You were hungry.

You visited 1 branch of the dungeon, and saw 4 of its levels.

You collected 141 gold pieces.

Inventory:

Hand Weapons
 a - a +0 war axe (weapon)
 h - a +0 dagger of electrocution
 p - a +2 rapier of draining
 v - a +0 trident of freezing
Missiles
 m - 82 stones (quivered)
 r - 5 javelins
Armour
 b - a +0 scale mail (worn)
 c - a +0 shield (worn)
 u - a +1 pair of boots (worn)
Jewellery
 l - a +2 ring of strength {unknown}
Scrolls
 k - 3 scrolls of identify
 n - 4 scrolls of amnesia
 o - 2 scrolls of teleportation
 s - a scroll of remove curse {unknown}
 t - a scroll of magic mapping
Potions
 d - a potion of might
 e - 2 potions of brilliance
 g - a potion of heal wounds {unknown}
 i - 2 potions of cancellation
 j - a potion of curing
Comestibles
 f - 9 rations
 q - 3 chunks of flesh


   Skills:
 * Level 4.0 Fighting
 * Level 3.6 Axes
 * Level 4.0 Armour
 * Level 1.2 Dodging
 * Level 2.1 Stealth
 + Level 4.0 Shields


You had 5 spell levels left.
You didn't know any spells.
Your spell library was empty.

Dungeon Overview and Level Annotations

Branches:
Dungeon (4/15)
 Temple: D:4-7

Altars:
Fedhas
Ru
Xom
Zin

Annotations:
D:3 1 runed translucent door


Innate Abilities, Weirdness & Mutations

You are resistant to torment.
Your stone body is resilient. (AC +4)
You are immune to poison.
You resist negative energy. (rN+)
You are resistant to electric shocks. (rElec)
You can survive without breathing.
You are immune to petrification.
You are immune to rotting.


Message History

The magic dart hits you. You block the worker ant's attack.
You hear some strange, mumbled words.
A puff of frost appears from out of thin air!
The puff of frost hits you but does no damage.
You miss something. You barely miss the worker ant.
You hear the rapid hiss of a distant avalanche of sand.
Something hits you but does no damage.
The worker ant bites you but does no damage.
You block something's attack. The worker ant bites you.
* * * LOW HITPOINT WARNING * * *
Unknown command.
You feel very mighty all of a sudden. You block something's attack.
The worker ant completely misses you.
You hear some strange, mumbled words.
A puff of frost appears from out of thin air!
The puff of frost hits you!
* * * LOW HITPOINT WARNING * * *
Your shield and scale mail prevent you from hitting something.
You barely miss the worker ant. Something hits you.
You die...

#.. .§.
#..#####.o
#.......$
#.......
#..#...
#.[##o# #
#..##a###..#
#....)@{<..#
##.##...#.##
#.####.# #.#
.# #.# .#
##.# .#
##..# .# +##
#...# .# #..
##.## #.>


You could see a worker ant and an orc wizard.

Vanquished Creatures
  An orc priest (D:4)
  A killer bee zombie (D:3)
  4 adders
  4 gnolls (D:3)
  A shadow imp (D:3)
  An ooze (D:1)
  5 worms
  A dart slug (D:1)
  2 leopard geckos
  An orc (D:4)
  8 giant cockroaches
  8 hobgoblins
  3 jackals (D:2)
  11 kobolds
  2 ball pythons
  10 bats
  4 frilled lizards
  8 goblins
  6 rats
81 creatures vanquished.

Notes
Turn   | Place    | Note
-------+----------+-------------------------------------------
     0 | D:1      | Acheron the Gargoyle Fighter began the quest for the Orb.
     0 | D:1      | Reached XP level 1. HP: 14/14 MP: 1/1
    52 | D:1      | Reached XP level 2. HP: 19/19 MP: 2/2
   241 | D:1      | Reached skill level 1 in Stealth
   391 | D:1      | Reached XP level 3. HP: 23/23 MP: 3/3
   782 | D:2      | Reached XP level 4. HP: 27/28 MP: 4/4
   809 | D:2      | Found a shimmering altar of Xom.
   823 | D:2      | Found a shimmering altar of Xom.
  1213 | D:2      | Found a blossoming altar of Fedhas.
  1473 | D:4      | Reached XP level 5. HP: 33/33 MP: 5/5
  1600 | D:3      | Found a runed translucent door.
  1650 | D:3      | Reached skill level 1 in Dodging
  1673 | D:3      | Found a sacrificial altar of Ru.
  1896 | D:3      | Found a blossoming altar of Fedhas.
  1897 | D:3      | Found a glowing silver altar of Zin.
  2091 | D:4      | Reached XP level 6. HP: 19/38 MP: 6/6
  2098 | D:4      | Slain by an orc wizard

Levels and vault maps discovered:
D:1:      shiori_arrival_maze, layout_rooms, minmay_misc_feat_encased
D:2:      wad_river_or_something, layout_basic, xom_redecorated, fedhas_altar_2
D:3:      layout_rooms, gammafunk_temple_overflow_pools,
          nicolae_ru_sacrificial_ziggurat, uniq_crazy_yiuf_cottage
D:4:      layout_loops_ring, grunt_dithmenos_shadows,
          minmay_temple_entry_overgrown, nicolae_ossuary_entry_false_entrances,
          gup_sewer_entry_spiral, okawaru_metal_pillars_1_2

Skill      XL: |  1  2  3  4  5 |
---------------+----------------+-----
Axes           | 2 3 |  3.6
Stealth        | 1 2 |  2.1
Dodging        | 1 |  1.2
Shields        | 4 |  4.0
Fighting       | 4 |  4.0
Armour         | 4 |  4.0

Action                   |  1- 3 |  4- 6 || total
-------------------------+-------+-------++-------
Melee: War axe           |   106 |   153 ||   259
  Use: Scroll            |       |     8 ||     8
       Potion            |       |     1 ||     1
  Eat: Chunk             |       |     4 ||     4
Armor: Scale mail        |    75 |    93 ||   168
Dodge: Dodged            |    39 |    44 ||    83
Block: Shield            |    68 |   111 ||   179
